 Dungeon Crawl Stone Soup version 0.18-a0-1400-g0ef5d54 (webtiles) character file.

68 Bzzzzzzzz the Digger (level 4, -2/24 HPs)
             Began as a Gargoyle Earth Elementalist on Feb 24, 2016.
             Slain by an adder (4 damage)
             ... on level 2 of the Dungeon.
             The game lasted 00:05:18 (2576 turns).

Bzzzzzzzz the Digger (Gargoyle Earth Elementalist)  Turns: 2576, Time: 00:05:18

Health: -2/24      AC:  5    Str: 11    XL:     4   Next: 19%
Magic:  0/8        EV: 12    Int: 17    God:
Gold:   66         SH:  0    Dex: 10    Spells: 2 memorised, 5 levels left

rFire  . . .     SeeInvis .     k - +1 short sword (speed)
rCold  . . .     Gourm    .     a - +0 robe
rNeg   + . .     Faith    .     (no shield)
rPois  ∞         Spirit   .     (no helmet)
rElec  +         Dismiss  .     (no cloak)
rCorr  .         Reflect  .     (no gloves)
SustAt .         Harm     .     (no boots)
MR     .....                    (no amulet)
Stlth  ++........               (no ring)
                                (no ring)

@: very slightly contaminated, not resistant to hostile enchantments, unstealthy
A: negative energy resistance 1, electricity resistance, unbreathing,
petrification resistance, rot immunity, AC +3
a: no special abilities


You were on level 2 of the Dungeon.
You were not hungry.

You visited 1 branch of the dungeon, and saw 2 of its levels.

You collected 66 gold pieces.

Inventory:

Hand Weapons
 e - a +0 club
 f - a +0 whip
 i - a +0 mace
 k - a +1 short sword of speed (weapon)
Missiles
 b - 188 stones (quivered)
Armour
 a - a +0 robe (worn)
Potions
 l - a potion of ambrosia {unknown}
 m - a potion of flight {unknown}
 n - 2 potions of curing {unknown}
 o - a potion of invisibility {unknown}
Books
 c - a book of Geomancy

   Spells                             Type                      Level
   a - Sandblast                      Earth                        1
   b - Passwall                       Transmutation/Earth          2
   c - Stone Arrow                    Conjuration/Earth            3
   d - Petrify                        Transmutation/Earth          4
   e - Lee's Rapid Deconstruction     Earth                        5
Comestibles
 d - a bread ration
 g - a beef jerky
 h - a meat ration
 j - a slice of pizza


   Skills:
 - Level 1.5 Dodging
 - Level 2.1 Stealth
 * Level 3.2 Spellcasting
 + Level 1.0 Conjurations
   Level 0.7 Transmutations
 + Level 4.5 Earth Magic


You had 5 spell levels left.
You knew the following spells:

 Your Spells              Type           Power        Failure   Level  Hunger
a - Sandblast             Erth           ###...       2%          1    None
b - Stone Arrow           Conj/Erth      ##....       17%         3    ###....


Dungeon Overview and Level Annotations

Branches:
Dungeon (2/15)

Altars:


Innate Abilities, Weirdness & Mutations

You are resistant to torment.
Your stone body is resilient (AC +3).
You are immune to poison.
You resist negative energy.
You are resistant to electric shocks.
You can survive without breathing.
You are immune to petrification.
You are immune to rotting.


Message History

* * * LOW HITPOINT WARNING * * *
You are too injured to fight recklessly!
You are too injured to fight recklessly!
You barely miss the adder.
The adder is heavily wounded.
The adder closely misses you.
You barely miss the adder.
The adder is heavily wounded.
The adder closely misses you.
You barely miss the adder.
The adder is heavily wounded.
The adder closely misses you.
You closely miss the adder.
The adder is heavily wounded.
The adder bites you.
* * * LOW HITPOINT WARNING * * *
You hit the adder.
The adder is severely wounded.
The adder bites you.
You die...

#####..........# # .♣.#
...............# ♣..'
######.............#
..'... ....##..........#
.'.#. ...###........##.
#... #..#............ #...
#............##
#...#####.............#
###.#...KS@(#...........#
#......>.####....†.......
#.##..#......##........#..
##.#......###......####
#<.......# #....###
##.......###..###
#.......#.....#
.>#######.....# #..
#.....#


You could see an adder and a kobold.

Vanquished Creatures
  2 adders (D:2)
  A worm (D:2)
  A dart slug (D:1)
  A ball python (D:1)
  A giant cockroach (D:1)
  5 goblins
  6 hobgoblins
  6 jackals (D:2)
  8 bats
  3 giant newts (D:1)
  5 kobolds
  3 rats
42 creatures vanquished.

Notes
Turn   | Place    | Note
--------------------------------------------------------------
     0 | D:1      | Bzzzzzzzz the Gargoyle Earth Elementalist began the quest for the Orb.
     0 | D:1      | Reached XP level 1. HP: 10/10 MP: 3/3
   581 | D:1      | Reached skill level 4 in Earth Magic
   581 | D:1      | Reached XP level 2. HP: 13/15 MP: 5/5
  1102 | D:1      | Reached XP level 3. HP: 3/19 MP: 2/7
  1108 | D:1      | Learned a level 3 spell: Stone Arrow
  2446 | D:2      | Reached XP level 4. HP: 24/24 MP: 8/8
  2569 | D:2      | Reached skill level 1 in Conjurations
  2576 | D:2      | Slain by an adder

Vault maps used:
D:1:      minmay_arrival_doors, item_on_display_a
D:2:      kennysheep_cluttered_room, grunt_ministairs_15

Skill      XL: |  1  2  3  4 |
---------------+-------------+-----
Earth Magic    | 4 |  4.5
Spellcasting   | 3 |  3.2
Conjurations   | 1 |  1.0
Dodging        | |  1.5
Stealth        | |  2.1
Transmutations | |  0.7

Action                   |  1- 3 |  4- 6 || total
-------------------------+-------+-------++-------
Melee: Club              |    16 |       ||    16
       Mace              |   132 |     8 ||   140
       Short sword       |       |    10 ||    10
 Cast: Sandblast         |     8 |     1 ||     9
       Stone Arrow       |     4 |     2 ||     6
  Use: Scroll            |     3 |       ||     3
 Stab: Sleeping          |     3 |       ||     3
       Distracted        |     1 |       ||     1
  Eat: Chunk             |     5 |     1 ||     6
